 Dungeon Crawl Stone Soup version 0.19-a0-1697-g0595f0e (webtiles) character file.

30692 Amnesiac the Earth Mage (level 13, -2/63 HPs)
             Began as a Deep Elf Earth Elementalist on Sept 26, 2016.
             Was a High Priest of Sif Muna.
             Slain by a porcupine (10 damage)
             ... on level 5 of the Lair of Beasts.
             The game lasted 00:32:41 (16446 turns).

Amnesiac the Earth Mage (DEEE)                     Turns: 16446, Time: 00:32:42

Health: -2/63      AC:  8    Str:  6 (7)  XL:     13   Next: 21%
Magic:  7/31       EV: 13    Int: 24      God:    Sif Muna [*****.]
Gold:   182        SH:  8    Dex: 15      Spells: 6 memorised, 18 levels left

rFire  . . .     SeeInvis .     b - 70 stones
rCold  . . .     Gourm    .     G - +2 robe {MR+} (curse)
rNeg   . . .     Faith    .     g - +3 buckler (curse)
rPois  .         Spirit   .     B - +2 helmet (curse)
rElec  .         Dismiss  .     (no cloak)
rCorr  .         Reflect  .     (no gloves)
MR     ++...     Harm     .     (no boots)
Stlth  ++........               (no amulet)
                                (no ring)
                                n - +1 ring of protection

@: divine energy
A: deformed body, deterioration 1, dopey 1, low mp 1, screaming 1, strong 1, no
device heal 1
a: Stop Divine Energy, Channel Magic, Forget Spell, Renounce Religion


You were on level 5 of the Lair of Beasts.
You worshipped Sif Muna.
Sif Muna was extremely pleased with you.
You were near starving.

You visited 3 branches of the dungeon, and saw 14 of its levels.

You collected 602 gold pieces.
You spent 420 gold pieces at shops.

Inventory:

Hand Weapons
 c - a +2 mace of protection
 q - a +0 blowgun
 r - a +0 dagger of draining
Missiles
 b - 70 stones (in hand)
 w - 6 curare-tipped needles
Armour
 g - a cursed +3 buckler (worn)
 B - a cursed +2 helmet (worn)
 G - a cursed +2 robe of magic resistance (worn)
 U - a steam dragon hide
Jewellery
 a - an uncursed amulet of guardian spirit
 n - a +1 ring of protection (left hand)
 R - an uncursed amulet of faith
 T - an uncursed ring of ice
Wands
 i - a wand of teleportation (6/9)
 k - a wand of confusion (9/48)
 o - a wand of acid (5/15)
 M - a wand of polymorph (16/24)
 N - a wand of lightning (5/15)
 O - a wand of slowing (27/48)
 Q - a wand of digging (11/24)
Scrolls
 f - 3 scrolls of fear
 j - 2 scrolls of enchant armour
 u - 2 scrolls of teleportation
 y - 2 scrolls of magic mapping
 C - 2 scrolls of amnesia {unknown}
 E - 2 scrolls of recharging
 H - 4 scrolls of immolation
 I - 3 scrolls of identify
 P - a scroll of fog
 X - a scroll of remove curse
Potions
 h - 2 potions of flight
 p - a potion of magic
 v - 5 potions of lignification
 z - a potion of heal wounds
 A - 2 potions of invisibility
 F - a potion of curing
 K - a potion of cancellation {unknown}
 W - a potion of brilliance
Books
 e - a book of Geomancy

   Spells                             Type                      Level
   a - Sandblast                      Earth                        1
   b - Passwall                       Transmutation/Earth          2
   c - Stone Arrow                    Conjuration/Earth            3
   d - Petrify                        Transmutation/Earth          4
   e - Lee's Rapid Deconstruction     Earth                        5
 l - a book of Misfortune

   Spells                             Type                      Level
   a - Confusing Touch                Hexes                        1
   b - Confuse                        Hexes                        3
   c - Gell's Gravitas                Hexes/Translocation          3
   d - Petrify                        Transmutation/Earth          4
   e - Metabolic Englaciation         Hexes/Ice                    5
   f - Yara's Violent Unravelling     Hexes/Transmutation          5
 t - a book of Summonings

   Spells                             Type                      Level
   a - Recall                         Summoning/Translocation      3
   b - Aura of Abjuration             Summoning                    5
   c - Summon Demon                   Summoning                    5
   d - Summon Forest                  Summoning/Translocation      5
   e - Summon Mana Viper              Hexes/Summoning              5
   f - Shadow Creatures               Summoning                    6
 J - a Fen Folio

   Spells                             Type                      Level
   a - Corpse Rot                     Necromancy                   2
   b - Stone Arrow                    Conjuration/Earth            3
   c - Leda's Liquefaction            Hexes/Earth                  4
   d - Summon Forest                  Summoning/Translocation      5
   e - Hydra Form                     Transmutation                6
   f - Summon Hydra                   Summoning                    7
 S - a book of the Tempests

   Spells                             Type                      Level
   a - Static Discharge               Conjuration/Air              3
   b - Lightning Bolt                 Conjuration/Air              5
   c - Fireball                       Conjuration/Fire             5
   d - Tornado                        Air                          9
   e - Shatter                        Earth                        9
 V - Sif Muna's Guide on Earthen Displacement
   (Sif Muna gifted it to you on level 5 of the Lair of Beasts)

   Spells                             Type                      Level
   a - Sandblast                      Earth                        1
   b - Blink                          Translocation                2
   c - Stone Arrow                    Conjuration/Earth            3
   d - Force Lance                    Conjuration/Translocation    4
   e - Dispersal                      Translocation                6
   f - Lehudib's Crystal Spear        Conjuration/Earth            8
 Y - a book of Conjurations

   Spells                             Type                      Level
   a - Magic Dart                     Conjuration                  1
   b - Searing Ray                    Conjuration                  2
   c - Dazzling Spray                 Conjuration/Hexes            3
   d - Fulminant Prism                Conjuration/Hexes            4
   e - Iskenderun's Mystic Blast      Conjuration                  4
   f - Iskenderun's Battlesphere      Conjuration/Charms           5
Comestibles
 d - 9 bread rations
 m - a royal jelly
 s - 7 slices of pizza
 x - 7 meat rations
 D - 3 beef jerkies
 L - 15 fruits


   Skills:
 - Level 0.2 Fighting
 - Level 2.7 Dodging
 - Level 2.7 Stealth
 - Level 4.1 Shields
 + Level 15.3 Spellcasting
 - Level 1.1 Transmutations
 * Level 18.7 Earth Magic


You had 18 spell levels left.
You knew the following spells:

 Your Spells              Type           Power        Failure   Level  Hunger
a - Lee's Rapid Deconstr  Erth           #######...   1%          5    ##.....
b - Shatter               Erth           #######...   89%         9    #######
e - Petrify               Tmut/Erth      ######..     1%          4    None
f - Stone Arrow           Conj/Erth      ######       1%          3    None
v - Passwall              Tmut/Erth      ######....   1%          2    None
z - Sandblast             Erth           ######       0%          1    None


Dungeon Overview and Level Annotations

Branches:
Dungeon (8/15)             Temple (1/1) D:7            Lair (5/6) D:8
  Swamp (0/4) Lair:3        Snake (0/4) Lair:2        Slime (0/5) Lair:5

Altars:
Ashenzari
Cheibriados
Dithmenos
Elyvilon
Fedhas
Hepliaklqana
Kikubaaqudgha
Makhleb
Nemelex Xobeh
Okawaru
Qazlal
Ru
Sif Muna
Trog
Uskayaw
Vehumet
Xom
Yredelemnul
Zin
The Shining One

Shops:
D:8 *}


Innate Abilities, Weirdness & Mutations

Armour fits poorly on your strangely shaped body.
Your body sometimes deteriorates upon taking damage.
You are dopey. (Int -2)
Your magical capacity is low. (-10% MP)
You occasionally shout uncontrollably at your foes.
Your muscles are strong. (Str +2)
Potions and wands are less effective at restoring your health.


Message History

The river rat closely misses you. The river rat closely misses you.
The death yak barely misses you. You block the river rat's attack.
A porcupine comes into view.
You block the porcupine's attack.
The eye of devastation turns its gaze towards you.
The eye of devastation gazes at you. The bolt of energy hits you!
Your body deteriorates!
You feel weakened. The porcupine barely misses you.
There is a stone staircase leading up here.
Okay, then.
The eye of devastation gazes at you. The bolt of energy hits you!
* * * LOW HITPOINT WARNING * * *
The bolt of energy hits the river rat.
The river rat is blown up!
The porcupine bites you!
You die...

.................................
............[....................
.................................
................P......#.........
..............#.......##.........
........#.P#####.......##.#.#....
.........### #..G......######...
..........## ##.........#####....
..........P# #..@.......#..#.....
..........## ##.r.......#..##....
...........###..r................
................Yr...............
#....)........r.r................
##.....[........r................
###..............................
#...........rYr...............
#............................#


You could see 2 death yaks, an eye of devastation, a porcupine and 7 river rats.

Vanquished Creatures
  Nessos (Lair:4)
  A hydra (Lair:1)
  6 death yaks (Lair:5)
  Sonja (Lair:1)
  Pikel (D:4)
  5 elephants (Lair:5)
  4 black mambas
  11 spiny frogs
  5 komodo dragons
  A centaur skeleton (D:7)
  A rime drake (Lair:4)
  2 polar bears (Lair:3)
  14 blink frogs
  A dream sheep (Lair:4)
  9 hippogriffs
  Sigmund (D:4)
  13 yaks
  A spriggan (D:7)
  3 wyverns
  2 basilisks
  A hungry ghost (D:7)
  Grum (D:8)
  A steam dragon (Lair:4)
  7 vampire mosquitoes (Lair:3)
  Edmund (D:5)
  4 nagas (Lair:2)
  7 water moccasins
  Duvessa (D:7)
  6 porcupines
  3 black bears (Lair:1)
  3 orc warriors (D:8)
  A necrophage (D:8)
  An ice beast (D:7)
  4 ogres
  3 sky beasts
  An eye of draining (Lair:5)
  5 wolves
  2 centaurs
  14 crocodiles
  2 big kobolds (D:7)
  Blork the orc (D:4)
  6 bullfrogs
  Dowan (D:7)
  5 scorpions
  4 wights (D:7)
  An electric eel (Lair:1)
  A howler monkey (D:7)
  4 crimson imps
  A jelly (D:8)
  3 hounds
  A bullfrog zombie (D:5)
  3 bullfrog skeletons
  5 iguanas
  4 worker ants
  4 orc wizards
  A killer bee zombie (D:8)
  2 hound skeletons
  2 howler monkey zombies
  Robin (D:2)
  8 gnolls
  11 adders
  37 river rats
  An ooze (D:3)
  An adder skeleton (D:8)
  A worm (D:3)
  2 dart slugs
  3 leopard geckos
  18 orcs
  3 bats
  7 giant cockroaches
  17 goblins
  11 hobgoblins
  11 jackals
  5 quokkas
  3 ball pythons
  7 frilled lizards
  A giant cockroach zombie (D:3)
  11 kobolds
  A quokka skeleton (D:5)
  4 rats
  3 fungi
367 creatures vanquished.

Vanquished Creatures (others)
  An ice beast (D:8)
  A slave (D:4)
  An ogre (D:8)
  A centaur (D:8)
  2 big kobolds (D:8)
  An orc wizard (D:8)
  An iguana (D:8)
  A river rat (Lair:5)
  3 orcs (D:8)
  3 fungi (Lair:5)
  9 plants
24 creatures vanquished.

Grand Total: 391 creatures vanquished

Notes
Turn   | Place    | Note
-------+----------+-------------------------------------------
     0 | D:1      | Amnesiac the Deep Elf Earth Elementalist began the quest for the Orb.
     0 | D:1      | Reached XP level 1. HP: 10/10 MP: 6/6
   352 | D:2      | Reached XP level 2. HP: 15/15 MP: 5/8
   359 | D:2      | Learned a level 2 spell: Passwall
   385 | D:2      | Reached skill level 4 in Earth Magic
   438 | D:4      | Noticed an ogre
   445 | D:4      | Reached XP level 3. HP: 19/19 MP: 5/9
   450 | D:4      | Learned a level 3 spell: Stone Arrow
   488 | D:4      | Killed an ogre
   488 | D:4      | Reached skill level 5 in Earth Magic
   488 | D:4      | Reached XP level 4. HP: 24/24 MP: 3/10
   571 | D:4      | Reached skill level 6 in Earth Magic
   571 | D:4      | Reached XP level 5. HP: 28/28 MP: 5/11
   619 | D:4      | Noticed Blork the orc
   621 | D:4      | Noticed a slave
   621 | D:4      | Noticed a slave
   648 | D:4      | Killed Blork the orc
   652 | D:4      | Noticed Sigmund
   748 | D:4      | Killed Sigmund
   748 | D:4      | Reached skill level 7 in Earth Magic
   748 | D:4      | Reached XP level 6. HP: 21/32 MP: 5/12
   920 | D:4      | Noticed Pikel
   925 | D:4      | Killed Pikel
   925 | D:4      | Reached skill level 10 in Earth Magic
   925 | D:4      | Reached XP level 7. HP: 36/36 MP: 7/13
   929 | D:4      | Found a shadowy altar of Dithmenos.
  1001 | D:4      | Found a sacrificial altar of Ru.
  1381 | D:5      | Entered Level 5 of the Dungeon
  1731 | D:5      | Reached XP level 8. HP: 30/41 MP: 9/14
  1935 | D:5      | Noticed Edmund
  1954 | D:5      | Killed Edmund
  2049 | D:5      | Reached skill level 11 in Earth Magic
  2523 | D:6      | Found a stormy altar of Qazlal.
  3257 | D:7      | Reached skill level 5 in Spellcasting
  3315 | D:7      | Learned a level 5 spell: Lee's Rapid Deconstruction
  3320 | D:7      | Learned a level 4 spell: Petrify
  3375 | D:7      | Noticed Duvessa
  3384 | D:7      | Killed Duvessa
  3385 | D:7      | Noticed Dowan
  3386 | D:7      | Killed Dowan
  3521 | D:7      | Noticed a hippogriff
  3524 | D:7      | Killed a hippogriff
  3524 | D:7      | Reached skill level 12 in Earth Magic
  3524 | D:7      | Reached XP level 9. HP: 45/45 MP: 16/21
  3716 | D:7      | Found a staircase to the Ecumenical Temple.
  3728 | Temple   | Entered the Ecumenical Temple
  3800 | Temple   | Became a worshipper of Ashenzari the Shackled
  4002 | D:2      | Noticed Robin
  4017 | D:2      | Killed Robin
  4895 | D:2      | Reached * piety under Ashenzari
  5876 | D:5      | Reached skill level 1 in Shields
  6517 | D:8      | Found a shimmering altar of Xom.
  6561 | D:8      | Gained mutation: You are dopey. (Int -2) [mutagenic meat]
  6564 | D:8      | Gained mutation: You are robust. (+10% HP) [mutagenic meat]
  6567 | D:8      | Gained mutation: Armour fits poorly on your strangely shaped body. [mutagenic meat]
  6570 | D:8      | Lost mutation: You are robust. (+10% HP) [mutagenic meat]
  6573 | D:8      | Gained mutation: Your magical capacity is low. (-10% MP) [mutagenic meat]
  6579 | D:8      | Gained mutation: You occasionally shout uncontrollably at your foes. [potion of mutation]
  6579 | D:8      | Lost mutation: You are dopey. (Int -2) [potion of mutation]
  6641 | D:8      | Found a staircase to the Lair.
  6642 | D:8      | Noticed a komodo dragon
  6645 | D:8      | Reached XP level 10. HP: 50/50 MP: 13/23
  6813 | D:8      | Reached skill level 10 in Spellcasting
  6914 | D:8      | Noticed Grum
  6921 | D:8      | Killed Grum
  6962 | D:8      | Reached skill level 13 in Earth Magic
  6993 | D:8      | Found Plog's Gadget Shoppe.
  7008 | D:8      | Bought a wand of teleportation (6/9) for 420 gold pieces
  7249 | D:8      | Found a sacrificial altar of Ru.
  7319 | D:8      | Gained mutation: Your body sometimes deteriorates upon taking damage. [mutagenic meat]
  7322 | D:8      | Gained mutation: Potions and wands are less effective at restoring your health. [mutagenic meat]
  7328 | D:8      | Gained mutation: Your muscles are strong. (Str +2) [mutagenic meat]
  7337 | D:8      | Gained mutation: You are dopey. (Int -2) [mutagenic meat]
  7361 | D:8      | Found a bloodstained altar of Trog.
  7362 | D:8      | Found a glowing silver altar of Zin.
  7363 | D:8      | Found an ancient bone altar of Kikubaaqudgha.
  7363 | D:8      | Found a snail-covered altar of Cheibriados.
  7367 | D:8      | Found a deep blue altar of Sif Muna.
  7367 | D:8      | Found a hazy altar of Hepliaklqana.
  7367 | D:8      | Found a sparkling altar of Nemelex Xobeh.
  7382 | D:8      | Fell from the grace of Ashenzari
  7382 | D:8      | Became a worshipper of Sif Muna the Loreminder
  7397 | D:8      | Found Fyufecye's General Store.
  7518 | Lair:1   | Entered Level 1 of the Lair of Beasts
  7523 | Lair:1   | Noticed a five-headed hydra
  7533 | Lair:1   | Killed a five-headed hydra
  7744 | Lair:1   | Noticed a black mamba
  7749 | Lair:1   | Killed a black mamba
  7749 | Lair:1   | Reached * piety under Sif Muna
  7919 | Lair:1   | Noticed a spiny frog
  7930 | Lair:1   | Killed a spiny frog
  7930 | Lair:1   | Reached skill level 14 in Earth Magic
  8123 | Lair:1   | Reached ** piety under Sif Muna
  8155 | Lair:1   | Reached XP level 11. HP: 41/54 MP: 3/25
  8359 | Lair:1   | Noticed Sonja
  8361 | Lair:1   | Killed Sonja
  8736 | Lair:1   | Reached skill level 15 in Earth Magic
  9401 | Lair:2   | Found a staircase to the Snake Pit.
 10426 | Lair:2   | Reached *** piety under Sif Muna
 11149 | Lair:3   | Was forgiven by Ashenzari
 11266 | Lair:3   | Found a staircase to the Swamp.
 11297 | Lair:3   | Reached skill level 16 in Earth Magic
 12010 | Lair:4   | Reached **** piety under Sif Muna
 12016 | Lair:3   | Reached XP level 12. HP: 59/59 MP: 1/28
 12665 | Lair:4   | Noticed Nessos
 12671 | Lair:4   | Killed Nessos
 12671 | Lair:4   | Reached skill level 17 in Earth Magic
 13235 | Lair:4   | HP: 1/59 [spiny frog (10)]
 13633 | Lair:4   | Reached ***** piety under Sif Muna
 13673 | Lair:4   | Received a gift from Sif Muna
 14115 | Lair:4   | Learned a level 9 spell: Shatter
 14625 | Lair:5   | Noticed a death yak
 14647 | Lair:5   | Noticed a seven-headed hydra
 14650 | Lair:5   | Noticed a death yak
 14655 | Lair:5   | Noticed a death yak
 14781 | Lair:5   | Reached skill level 18 in Earth Magic
 15345 | Lair:5   | Found a staircase to the Slime Pits.
 15473 | Lair:5   | Killed a death yak
 15835 | Lair:5   | Noticed a death yak
 15836 | Lair:5   | Noticed a death yak
 15848 | Lair:5   | Noticed a death yak
 15848 | Lair:5   | Killed a death yak
 15848 | Lair:5   | Reached XP level 13. HP: 52/63 MP: 4/30
 15914 | Lair:4   | Reached skill level 15 in Spellcasting
 16418 | Lair:5   | Identified Sif Muna's Guide on Earthen Displacement (Sif Muna gifted it to you on level 5 of the Lair of Beasts)
 16418 | Lair:5   | Received a gift from Sif Muna
 16446 | Lair:5   | Slain by a porcupine

Vault maps used:
D:1:      lightli_arrival_windingriver
D:2:      first_bread, uniq_robin
D:4:      nicolae_ru_great_annihilating_truth, nicolae_dithmenos_the_darkroom,
          uniq_sigmund, uniq_blork_the_orc, uniq_pikel
D:5:      uniq_edmund
D:6:      overflow_temple_1_default
D:7:      roderic_roman_lattice, the_bakery, minmay_unpleasant_kobolds,
          uniq_duvessa
D:8:      grunt_temple_overflow_open, xom_confusion_cloud, david_lair_shrubbed,
          serial_shops, nicolae_shop_window_shopping, shop, basic_altar,
          uniq_grum
Temple:   compressed_dpeg_triangle_lava_temple
Lair:1:   gammafunk_lair_bear_cave, cheibrodos_lair_caveside_slide,
          minivault_26, lemuel_fruit_fields, uniq_sonja
Lair:2:   minmay_snake_entry_guardpost_medium
Lair:3:   minmay_swamp_entry_swarm, roderic_lost_polar_bear
Lair:4:   nicolae_lair_grove_arrangements, grunt_megastairs_5,
          serial_bayou_shore_b, uniq_nessos
Lair:5:   minmay_slime_entry_eyes

Skill      XL: |  1  2  3  4  5  6  7  8  9 10 11 12 13 |
---------------+----------------------------------------+-----
Earth Magic    | 4 5 6 7 10 12 14 16 18 | 18.7
Spellcasting   | 6 9 11 13 14 15 | 15.3
Shields        | 4 |  4.1
Fighting       | |  0.2
Dodging        | |  2.7
Stealth        | |  2.7
Transmutations | |  1.1

Action                   |  1- 3 |  4- 6 |  7- 9 | 10-12 | 13-15 || total
-------------------------+-------+-------+-------+-------+-------++-------
Melee: Dagger            |       |       |       |    36 |       ||    36
 Cast: Sandblast         |    29 |    15 |   214 |   115 |       ||   373
       Stone Arrow       |     1 |     4 |    17 |   323 |     6 ||   351
       Passwall          |       |       |     1 |     2 |       ||     3
       Petrify           |       |       |     1 |    11 |     6 ||    18
       Lee's Rapid Decon |       |       |       |    28 |    26 ||    54
Invok: Curse Item        |       |       |     3 |       |       ||     3
       Divine Energy     |       |       |       |     1 |       ||     1
  Use: Potion            |       |       |    12 |     2 |       ||    14
       Scroll            |       |       |       |    17 |       ||    17
 Stab: Petrified         |       |       |       |    12 |       ||    12
       Petrifying        |       |       |       |     1 |       ||     1
  Eat: Chunk             |       |       |    21 |    37 |     1 ||    59
       Royal jelly       |       |       |     1 |       |       ||     1
Armor: Robe              |     2 |       |    16 |    39 |     1 ||    58
Dodge: Dodged            |    13 |       |    24 |    90 |    16 ||   143
Block: Buckler           |       |       |     3 |    81 |     8 ||    92
